 Dungeon Crawl Stone Soup version 0.27-a0-1123-g2f9bb313c0 (webtiles) character file.

Game seed: 15049019702712368992

206466 1player the Devastator (level 18, 0/114 HPs)
             Began as a Gargoyle Earth Elementalist on May 3, 2021.
             Was the Champion of Vehumet.
             Hit by a silver javelin thrown by a merfolk javelineer (1 damage)
             ... on level 4 of the Shoals.
             The game lasted 02:17:59 (52789 turns).

1player the Devastator (GrEE)                      Turns: 52789, Time: 02:18:00

Health: 0/114      AC: 26    Str: 17      XL:     18   Next: 72%
Magic:  8/45       EV:  7    Int: 26      God:    Vehumet [******]
Gold:   2279       SH:  0    Dex:  8 (10) Spells: 2/45 levels left

rFire    . . .     SeeInvis .   a - +7 morningstar (vamp)
rCold    + + .     Faith    .   u - +3 buckler
rNeg     + . .     Spirit   .   B - +0 steam dragon scales
rPois    ∞         Reflect  +   D - +2 helmet
rElec    +         Harm     .   G - scarf {+Inv}
rCorr    +         Rampage  .   Q - +0 pair of gloves "Kenu" {rCorr}
Will     ++...                  Y - +0 pair of boots
Stlth    ++........             V - amulet of reflection
HPRegen  0.29/turn              A - ring of the Cockroach {rC++ MP+9 Int+5}
MPRegen  0.29/turn              k - ring of willpower

@: unable to read, flying, mesmerised, held
A: AC +13, big wings, negative energy resistance 1, electricity resistance,
torment resistance 1, unbreathing 1, petrification resistance, strong 1,
inability to read while threatened
}: 1/15 runes: gossamer
a: Renounce Religion, Evoke Invisibility


You were on level 4 of the Shoals.
You worshipped Vehumet.
Vehumet was exalted by your worship.
You visited 6 branches of the dungeon, and saw 32 of its levels.
You also visited: Sewer, Ossuary and Ice Cave.

You collected 3983 gold pieces.
You spent 1704 gold pieces at shops.

Inventory:

Hand Weapons
 a - a +7 vampiric morningstar (weapon)
 y - a +2 eveningstar of holy wrath
Armour
 u - a +3 buckler (worn)
 B - +0 steam dragon scales (worn)
 D - a +2 helmet (worn)
 G - a scarf of invisibility (worn)
 Q - the +0 pair of gloves "Kenu" (worn) {rCorr}
   (You found it on level 1 of the Spider Nest)

   It protects you from acid and corrosion.
 Y - a +0 pair of boots (worn)
Jewellery
 b - a ring of see invisible
 g - an amulet of magic regeneration
 h - a +4 ring of evasion
 j - an amulet of regeneration
 k - a ring of willpower (right hand)
 n - a ring of positive energy
 A - the ring of the Cockroach (left hand) {rC++ MP+9 Int+5}
   (You acquired it on level 6 of the Dungeon)

   [ring of magical power]

   It affects your intelligence (+5).
   It greatly protects you from cold.
   It affects your magic capacity (+9).
 C - the ring "Loby" {Wiz rC+}
   (You found it on level 4 of the Dungeon)

   [ring of wizardry]

   It improves your spell success rate.
   It protects you from cold.
 H - a ring of resist corrosion
 V - an amulet of reflection (around neck)
 W - a ring of fire
Wands
 l - a wand of digging (1)
 m - a wand of mindburst (15)
 r - a wand of flame (41)
 t - a wand of acid (33)
 E - a wand of paralysis (42)
 K - a wand of charming (9)
 M - a wand of polymorph (18)
 P - a wand of iceblast (41)
Scrolls
 e - 2 scrolls of immolation
 f - 14 scrolls of teleportation
 i - 3 scrolls of fog
 q - a scroll of torment
 v - a scroll of summoning
 x - a scroll of amnesia
 z - 7 scrolls of identify {@r1}
 J - 6 scrolls of magic mapping
 N - 6 scrolls of vulnerability
 U - a scroll of silence {!r}
 X - 5 scrolls of fear
 Z - 2 scrolls of holy word
Potions
 c - 2 potions of haste
 d - a potion of lignification
 p - 5 potions of might
 s - 5 potions of cancellation
 F - 4 potions of attraction
 I - 3 potions of mutation {!q}
 L - 11 potions of curing {@q1}
 R - 3 potions of resistance
 S - 4 potions of brilliance
 T - 3 potions of ambrosia


   Skills:
 - Level 13.0 Fighting
 - Level 10.0 Maces & Flails
 - Level 8.0 Armour
 - Level 8.0 Dodging
 - Level 2.1 Stealth
 - Level 4.0 Shields
 - Level 14.2 Spellcasting
 - Level 15.3 Conjurations
 - Level 4.0 Transmutations
 + Level 12.9 Fire Magic
 - Level 4.0 Ice Magic
 + Level 11.9 Earth Magic


You had 2 spell levels left.
You knew the following spells:

 Your Spells              Type           Power      Damage    Failure   Level
a - Ignition              Fire           36%        3d11      24%         8
c - Fireball              Conj/Fire      37%        3d15      1%          5
d - Irradiate             Conj/Tmut      31%        3d23      1%          5
q - Stone Arrow           Conj/Erth      100%       3d13      1%          3
s - Starburst             Conj/Fire      37%        8x6d11    1%          6
w - Iron Shot             Conj/Erth      37%        9d7       1%          6
x - Iskenderun's Battles  Conj           78%        2d13      1%          5
z - Lee's Rapid Deconstr  Erth           34%        3d18*     1%          5

Your spell library contained the following spells:

 Spells                   Type           Power      Damage    Failure   Level
 Lehudib's Crystal Spear  Conj/Erth      37%        10d9      19%         8
 Shatter                  Erth           34%        3d28*     99%         9
 Tornado                  Air            9%         N/A       100%        9
 Magic Dart               Conj           100%       1d8       0%          1
 Sandblast                Erth           100%       2d20      0%          1
 Searing Ray              Conj           100%       3d7       0%          2
 Freeze                   Ice            100%       1d11      1%          1
 Shock                    Conj/Air       100%       1d9       1%          1
 Sting                    Tmut/Pois      100%       1d8       1%          1
 Ensorcelled Hibernation  Hex/Ice        58%        N/A       1%          2
 Passwall                 Tmut/Erth      46%        N/A       1%          2
 Poisonous Vapours        Pois/Air       36%        N/A       1%          2
 Static Discharge         Conj/Air       55%        N/A       1%          2
 Animate Skeleton         Necr           36%        N/A       3%          1
 Corona                   Hex            20%        N/A       3%          1
 Pain                     Necr           72%        1d7       3%          1
 Summon Small Mammal      Summ           72%        N/A       3%          1
 Blink                    Tloc           N/A        N/A       4%          2
 Call Imp                 Summ           18%        N/A       4%          2
 Slow                     Hex            18%        N/A       4%          2
 Conjure Flame            Conj/Fire      75%        6-21      1%          3
 Dazzling Flash           Conj/Hex       100%       N/A       1%          3
 Frozen Ramparts          Ice            78%        1d9       1%          3
 Ignite Poison            Fire/Tmut/Pois 47%        N/A       1%          3
 Mephitic Cloud           Conj/Pois/Air  45%        N/A       1%          3
 Ozocubu's Armour         Ice            39%        N/A       1%          3
 Fulminant Prism          Conj/Hex       27%        3d14      1%          4
 Hailstorm                Conj/Ice       62%        3d13      1%          4
 Petrify                  Tmut/Erth      56%        N/A       1%          4
 Bolt of Magma            Conj/Fire/Erth 36%        4d16      1%          5
 Lightning Bolt           Conj/Air       27%        1d44      1%          5
 Orb of Destruction       Conj           39%        9d13      1%          7
 Animate Armour           Summ/Erth      98%        N/A       2%          4
 Borgnjor's Vile Clutch   Necr/Erth      24%        N/A       7%          5
 Call Canine Familiar     Summ           18%        N/A       9%          3
 Confusing Touch          Hex            18%        N/A       9%          3
 Gell's Gravitas          Tloc           9%         N/A       9%          3
 Summon Guardian Golem    Hex/Summ       18%        N/A       9%          3
 Swiftness                Air            18%        N/A       9%          3
 Tukima's Dance           Hex            18%        N/A       9%          3
 Vampiric Draining        Necr           9%         2d7       9%          3
 Airstrike                Air            9%         N/A       9%          4
 Olgreb's Toxic Radiance  Pois           18%        N/A       9%          4
 Yara's Violent Unravell  Hex/Tmut       14%        3d7       11%         5
 Summon Ice Beast         Ice/Summ       29%        N/A       13%         4
 Spellforged Servitor     Conj/Summ      27%        N/A       26%         7
 Animate Dead             Necr           9%         N/A       30%         4
 Summon Lightning Spire   Summ/Air       18%        N/A       30%         4
 Metabolic Englaciation   Hex/Ice        14%        N/A       36%         5
 Agony                    Necr           18%        N/A       63%         5
 Silence                  Hex/Air        9%         N/A       63%         5
 Blade Hands              Tmut           19%        N/A       65%         6
 Shadow Creatures         Summ           N/A        N/A       99%         6
 Dragon Form              Tmut           19%        N/A       99%         7
 Statue Form              Tmut/Erth      Unusable   N/A       N/A         6

Dungeon Overview and Level Annotations

Branches:
Dungeon (15/15)            Temple (1/1) D:5            Lair (6/6) D:8
 Shoals (4/4) Lair:2       Spider (4/4) Lair:3        Slime (0/5) Lair:5
    Orc (2/2) D:10            Elf (0/3) Orc:2        Vaults (0/5) D:13
 Depths (0/5) D:15          Sewer (visited)         Ossuary (visited)
  IceCv (visited)

Altars:
Ashenzari
Cheibriados
Dithmenos
Elyvilon
Fedhas
Gozag
Hepliaklqana
Kikubaaqudgha
Makhleb
Nemelex Xobeh
Okawaru
Qazlal
Ru
Sif Muna
Trog
Uskayaw
Vehumet
Wu Jian
Xom
Yredelemnul
Zin
The Shining One
Beogh
Jiyva

Shops:
D:11 [   D:12 *   Orc:2 ([[?

Annotations:
D:11 2 transporters, zhorgal's ghost, journeyman MiBe
Lair:2 3 runed translucent doors, melvinkitnick's ghost, journeyman OpIE
Lair:4 1 runed translucent door, exclusion: oklob plant, Som Pofo's ghost, journeyman DDGl
Shoals:2 3 runed translucent doors, Doifril's ghost, journeyman MiBe; Roxanne
Orc:1 2 transporters


Innate Abilities, Weirdness & Mutations

Your stone body is resilient. (AC +13)
You are immune to poison.
Your large and strong wings let you fly.
You resist negative energy. (rN+)
You are resistant to electric shocks. (rElec)
You are resistant to unholy torment.
You can survive without breathing.
You are immune to petrification.
Your muscles are strong. (Str +2)
You sometimes lose the ability to read scrolls when taking damage.


Message History

The manticore closely misses you.
The manticore claws you but does no damage.
The merfolk avatar chants its luring song.
The merfolk avatar chants a haunting song.
You resist with almost no effort.
The merfolk hits you but does no damage.
The merfolk javelineer throws a silver javelin.
The silver javelin pierces through you!
* * * LOW HITPOINT WARNING * * *
The silver sears you!
* * * LOW HITPOINT WARNING * * *
The merfolk siren chants its luring song.
The snapping turtle bites you but does no damage.
You cannot read scrolls in your current state!
You feel much better. The merfolk barely misses you.
The manticore bites you but does no damage.
The manticore claws you but does no damage. x2
The merfolk avatar chants its luring song.
The merfolk avatar chants a haunting song.
You resist with almost no effort. The merfolk barely misses you.
The merfolk javelineer throws a silver javelin.
The silver javelin pierces through you!!
* * * LOW HITPOINT WARNING * * *
The silver sears you!
* * * LOW HITPOINT WARNING * * *
The merfolk siren chants its luring song.
The snapping turtle bites you but does no damage.
You feel better.
The merfolk hits you from afar with a +0 trident!
* * * LOW HITPOINT WARNING * * *
The manticore barely misses you. The manticore claws you.
* * * LOW HITPOINT WARNING * * *
The manticore claws you but does no damage.
The merfolk avatar chants its luring song.
The merfolk avatar chants a haunting song.
You resist with almost no effort.
The merfolk javelineer throws a silver javelin.
The silver javelin pierces through you but does no damage.
The silver sears you!
You die...

#....≈≈≈≈≈.....###
##....≈≈≈≈≈........
#.....≈≈≈≈≈........
.P##P≈≈≈)≈≈........ .....≈...
≈≈.P≈<≈≈≈≈≈≈.#########....≈...
≈PPP≈≈≈≈≈≈≈≈m##### #......≈≈≈
..≈≈≈≈≈≈≈≈≈mmt...####.≈≈....≈≈
..≈≈≈≈≈≈≈≈≈m)H.≈≈...≈.≈≈..≈...
#.≈≈≈≈≈≈*≈≈≈≈@≈≈≈)≈≈≈≈.≈..≈...
...≈≈≈≈≈≈≈≈≈≈m≈≈≈...≈.....≈≈≈.
.≈≈≈≈≈≈≈≈≈≈≈≈≈≈≈≈##.≈.....≈≈≈.
≈≈≈≈≈≈≈m≈≈≈≈≈≈≈≈##..)...≈≈≈≈≈
≈≈≈≈≈≈≈≈≈≈≈≈≈≈≈.....##..≈[≈§
≈≈≈≈≈≈≈≈≈≈≈≈≈≈≈≈≈.###...≈≈≈
≈≈≈≈≈≈≈≈≈≈≈≈≈≈≈≈..##...≈≈≈
≈≈≈≈≈≈≈≈≈≈≈≈..........≈≈
#####≈..≈...........≈≈


You could see 2 merfolk avatars, a merfolk javelineer, a snapping turtle, 2
merfolk, a manticore, a merfolk siren (mesmerising) and a friendly battlesphere.

Vanquished Creatures
  2 krakens
  Kirke (D:13)
  The ghost of Johiy the Bludgeoner, an adept MiFi of the Shining One (Lair:3)
  Louise (Shoals:1)
  An orc warlord (Orc:2)
  6 ghost moths
  A frost giant (D:15)
  5 emperor scorpions
  An entropy weaver (Spider:3)
  A white draconian (IceCv)
  3 spark wasps
  A fire dragon (Lair:6)
  4 merfolk impalers
  Josephine (Orc:1)
  An ogre mage (Orc:2)
  Erolcha (Orc:1)
  A vault guard (D:13)
  A rakshasa (D:15)
  4 boulder beetles
  7 hydras
  An ice dragon (Lair:6)
  2 catoblepae
  A merfolk avatar (Shoals:3)
  6 centaur warriors
  A death knight (D:14)
  4 death yaks (Lair:2)
  Erica (D:11)
  8 two-headed ogres
  4 tengu warriors
  Urug (Lair:4)
  An orc high priest (Orc:2)
  4 sea snakes
  A swamp dragon (Lair:6)
  Pikel (D:8)
  A phantasmal warrior (D:14)
  2 orc knights (D:15)
  3 harpies (Shoals:1)
  2 necromancers (D:13)
  A lindwurm (Lair:6)
  3 ugly things
  7 orc sorcerers
  30 wolf spiders
  4 deep elf pyromancers
  7 cyclopes
  10 manticores
  16 orb spiders
  4 fauns
  2 moths of wrath
  An elephant (Lair:1)
  3 water nymphs
  9 black mambas
  An ice statue (IceCv)
  12 merfolk sirens
  5 torpor snails (Lair:6)
  2 gargoyles
  Psyche (D:8)
  13 cane toads
  8 demonic crawlers
  2 unseen horrors (D:10)
  4 freezing wraiths
  6 rime drakes
  2 kobold demonologists
  14 komodo dragons
  11 merfolk
  3 meliai (D:13)
  8 trolls
  40 jumping spiders
  2 harpy zombies (Shoals:3)
  8 slime creatures (D:12)
  19 polar bears
  2 wind drakes
  16 hornets
  4 tyrant leeches (Lair:6)
  22 blink frogs
  7 snapping turtles
  3 dream sheep
  Sigmund (D:4)
  A shadow (D:9)
  A centaur simulacrum (D:14)
  76 redbacks
  3 water elementals (Shoals:4)
  33 tarantellas
  6 wraiths
  7 hogs (D:13)
  59 yaks
  6 wyverns
  21 humans (D:13)
  7 basilisks
  A basilisk (shapeshifter) (D:15)
  5 steam dragons
  9 vampire mosquitoes
  7 wargs (Orc:2)
  Edmund (D:4)
  2 acid dragons (Lair:6)
  15 water moccasins
  Purgy (Sewer)
  5 black bears
  35 orc warriors
  3 swamp drakes
  A necrophage (D:4)
  2 manticore zombies (Shoals:3)
  7 ogres
  2 sky beasts (D:5)
  24 wolves
  18 centaurs
  4 lemures (D:8)
  5 kobold brigands
  16 bullfrogs
  17 scorpions
  A water moccasin zombie (D:3)
  A wyvern skeleton (D:7)
  A water moccasin skeleton (D:5)
  8 killer bees (D:9)
  14 wights
  11 electric eels
  2 howler monkeys
  A jelly (D:3)
  2 bullfrog zombies
  10 centaur zombies
  A gnoll shaman (D:8)
  2 hounds (D:6)
  2 human zombies (Ossuary)
  3 centaur skeletons
  21 orc priests
  Jessica (D:3)
  6 iguanas
  33 orc wizards
  A killer bee zombie (D:6)
  3 mummies (Ossuary)
  10 gnolls
  4 adders
  A river rat (D:6)
  2 white imps
  An adder skeleton (D:4)
  3 worms
  3 dart slugs
  80 orcs
  9 bats
  2 bat zombies
  4 endoplasms
  10 giant cockroaches
  7 goblins
  6 hobgoblins
  7 jackals
  18 kobolds
  3 quokkas
  10 ball pythons
  A frilled lizard (D:2)
  2 goblin zombies (Ossuary)
  3 hobgoblin zombies (Ossuary)
  2 kobold zombies (Ossuary)
  An orc zombie (Ossuary)
  7 rats
  A rat zombie (D:6)
  A butterfly (Lair:4)
  2 tentacles (Shoals:3)
1125 creatures vanquished.

Vanquished Creatures (others)
  A wizard (D:13)
  A wolf spider (Spider:4)
  A polar bear (IceCv)
  A kobold zombie (Ossuary)
  17 fulminant prisms
  52 fungi
  129 plants
  15 tentacles
217 creatures vanquished.

Grand Total: 1342 creatures vanquished

Notes
Turn   | Place    | Note
-------+----------+-------------------------------------------
     0 | D:1      | 1player the Gargoyle Earth Elementalist began the quest for
                  | the Orb.
     0 | D:1      | Reached XP level 1. HP: 10/10 MP: 3/3
    38 | D:1      | Reached skill level 1 in Fighting
   140 | D:1      | Reached XP level 2. HP: 13/18 MP: 0/5
   213 | D:1      | Learned a level 2 spell: Passwall
   462 | D:1      | Reached XP level 3. HP: 20/22 MP: 6/6
  1171 | D:2      | Found a faded altar of an unknown god.
  1404 | D:2      | Reached XP level 4. HP: 24/28 MP: 7/7
  1793 | D:2      | Found a shimmering blue altar of Sif Muna.
  2057 | D:3      | Reached skill level 1 in Armour
  2057 | D:3      | Reached skill level 1 in Shields
  2057 | D:3      | Reached XP level 5. HP: 22/32 MP: 3/8
  2536 | D:3      | Found a glowing golden altar of the Shining One.
  2780 | D:3      | Noticed Jessica
  2783 | D:3      | Killed Jessica
  3186 | D:4      | Reached XP level 6. HP: 32/37 MP: 9/9
  3640 | D:4      | Identified the ring "Loby" {Wiz rC+}
  3654 | D:4      | Learned a level 3 spell: Stone Arrow
  3848 | D:4      | Noticed a necrophage
  3859 | D:4      | Killed a necrophage
  3860 | D:4      | Reached skill level 1 in Conjurations
  3860 | D:4      | Reached XP level 7. HP: 41/41 MP: 6/10
  4201 | D:4      | Noticed Edmund
  4412 | D:4      | Killed Edmund
  4413 | D:4      | Reached skill level 2 in Conjurations
  4413 | D:4      | Reached skill level 5 in Earth Magic
  4764 | D:4      | Noticed Sigmund
  4776 | D:4      | Killed Sigmund
  4777 | D:4      | Reached skill level 3 in Conjurations
  4955 | D:5      | Entered Level 5 of the Dungeon
  4968 | D:5      | Reached skill level 4 in Conjurations
  4968 | D:5      | Reached XP level 8. HP: 46/46 MP: 7/11
  5183 | D:5      | Found a radiant altar of Vehumet.
  5194 | D:5      | Became a worshipper of Vehumet
  5350 | D:5      | Reached skill level 5 in Conjurations
  5810 | D:5      | Reached skill level 5 in Fighting
  5810 | D:5      | Reached skill level 6 in Conjurations
  5959 | D:5      | Found a staircase to the Ecumenical Temple.
  6663 | Temple   | Entered the Ecumenical Temple
  6938 | D:6      | Found a glowing drain.
  6942 | Sewer    | Entered a sewer
  6999 | Sewer    | Noticed Purgy
  7005 | Sewer    | Killed Purgy
  7006 | Sewer    | Reached XP level 9. HP: 55/55 MP: 3/12
  7144 | D:6      | Identified a scroll of acquirement
  7161 | D:6      | Reached skill level 7 in Conjurations
  7199 | D:6      | Found a sacrificial altar of Ru.
  7199 | D:6      | Found a broken altar of Ashenzari.
  7228 | D:6      | Found a snail-covered altar of Cheibriados.
  7228 | D:6      | Found a shimmering blue altar of Sif Muna.
  7232 | D:6      | Found a bloodstained altar of Trog.
  7874 | D:6      | Found a stormy altar of Qazlal.
  7937 | D:6      | Found an ancient bone altar of Kikubaaqudgha.
  8225 | D:7      | Reached * piety under Vehumet
  8225 | D:7      | Offered knowledge of Foxfire by Vehumet.
  8226 | D:7      | Reached skill level 8 in Conjurations
  8947 | D:7      | Reached skill level 1 in Maces & Flails
  9480 | D:8      | Found a sand-covered staircase.
  9603 | Ossuary  | Entered an ossuary
  9643 | Ossuary  | Reached XP level 10. HP: 64/64 MP: 12/16
  9879 | Ossuary  | Reached ** piety under Vehumet
  9879 | Ossuary  | Offered knowledge of Searing Ray by Vehumet.
  9894 | Ossuary  | Learned a level 2 spell: Searing Ray
  9968 | Ossuary  | Reached skill level 5 in Maces & Flails
 10541 | D:8      | Noticed Psyche
 10643 | D:8      | Found a staircase to the Lair.
 10877 | D:8      | Killed Psyche
 11324 | D:8      | Noticed Pikel
 11332 | D:8      | Killed Pikel
 11332 | D:8      | Offered knowledge of Poisonous Vapours by Vehumet.
 11890 | D:8      | Reached *** piety under Vehumet
 11970 | D:8      | Found a shimmering altar of Xom.
 11970 | D:8      | Found a blossoming altar of Fedhas.
 12118 | D:8      | Learned a level 5 spell: Lee's Rapid Deconstruction
 12533 | D:9      | Reached XP level 11. HP: 68/68 MP: 17/17
 12623 | D:9      | Offered knowledge of Fulminant Prism by Vehumet.
 12988 | D:9      | Learned a level 4 spell: Fulminant Prism
 13081 | D:9      | Reached skill level 10 in Maces & Flails
 13608 | D:10     | Entered Level 10 of the Dungeon
 14494 | D:10     | Found a staircase to the Orcish Mines.
 15050 | D:10     | Reached skill level 5 in Spellcasting
 15846 | D:11     | Noticed a skeletal warrior
 15940 | D:11     | Learned a level 5 spell: Iskenderun's Battlesphere
 16019 | D:11     | Noticed a cyclops
 16082 | D:11     | Killed a cyclops
 16082 | D:11     | Reached **** piety under Vehumet
 16280 | D:11     | Found Naawk's Antique Armour Boutique.
 16280 | D:11     | Noticed a four-headed hydra
 16284 | D:11     | Noticed Erica
 16291 | D:11     | Killed a four-headed hydra
 16570 | D:11     | Found a transporter.
 16573 | D:11     | Found a transporter.
 16573 | D:11     | Noticed a death knight
 16573 | D:11     | Noticed zhorgal's ghost (journeyman MiBe)
 16676 | D:11     | Killed Erica
 16677 | D:11     | Reached XP level 12. HP: 73/73 MP: 12/24
 16942 | D:11     | Noticed a two-headed ogre
 16948 | D:11     | Killed a two-headed ogre
 17204 | Lair:1   | Entered Level 1 of the Lair of Beasts
 17556 | Lair:1   | Reached skill level 10 in Spellcasting
 17565 | Lair:1   | Offered knowledge of Sticky Flame by Vehumet.
 17852 | Lair:1   | Found a white marble altar of Elyvilon.
 18287 | Lair:1   | Reached skill level 5 in Armour
 18446 | Lair:1   | Noticed a six-headed hydra
 18456 | Lair:1   | Killed a six-headed hydra
 18882 | Lair:2   | Noticed a death yak
 18883 | Lair:2   | Noticed a death yak
 18884 | Lair:2   | Noticed a death yak
 18885 | Lair:2   | Noticed a death yak
 18964 | Lair:2   | Noticed a boulder beetle
 18972 | Lair:1   | Reached skill level 9 in Conjurations
 19113 | Lair:2   | Noticed a four-headed hydra
 19118 | Lair:2   | Killed a four-headed hydra
 19314 | Lair:2   | Killed a death yak
 19344 | Lair:2   | Killed a death yak
 19353 | Lair:2   | Killed a death yak
 19354 | Lair:2   | Reached XP level 13. HP: 79/82 MP: 3/27
 19358 | Lair:2   | Reached skill level 10 in Conjurations
 19494 | Lair:2   | Reached skill level 10 in Fighting
 19645 | Lair:2   | HP: 4/82 [boulder beetle (20)]
 19823 | Lair:2   | You fall into a shaft and drop 2 floors!
 19873 | Lair:3   | Reached ***** piety under Vehumet
 19873 | Lair:3   | Offered knowledge of Fireball by Vehumet.
 19954 | Lair:3   | Learned a level 5 spell: Fireball
 20038 | Lair:3   | Found a hole to the Spider Nest.
 20704 | Lair:2   | Found a staircase to the Shoals.
 20873 | Lair:2   | Learned a level 6 spell: Iron Shot
 21216 | Lair:2   | Reached skill level 11 in Conjurations
 21273 | Lair:2   | Found a runed translucent gate.
 21273 | Lair:2   | Found a runed translucent gate.
 21273 | Lair:2   | Found a runed translucent gate.
 21338 | Lair:2   | Noticed melvinkitnick's ghost (journeyman OpIE)
 22269 | Lair:4   | Identified the +7 arbalest "Medoully" {freeze, Fragile
                  | Will+ Int+3}
 22583 | Lair:4   | Found a runed translucent door.
 22583 | Lair:4   | Found a shimmering altar of Xom.
 22583 | Lair:4   | Noticed Som Pofo's ghost (journeyman DDGl)
 23177 | Lair:4   | Noticed Urug
 23180 | Lair:4   | Killed Urug
 23479 | Lair:4   | Reached skill level 12 in Conjurations
 23768 | Lair:5   | Offered knowledge of Starburst by Vehumet.
 24019 | Lair:5   | Found a staircase to the Slime Pits.
 24019 | Lair:5   | Found a viscous altar of Jiyva.
 24034 | Lair:5   | Gained mutation: Your large and strong wings let you fly.
                  | [Gargoyle growth]
 24034 | Lair:5   | Reached XP level 14. HP: 92/92 MP: 11/28
 24515 | Lair:5   | Reached skill level 5 in Dodging
 25272 | Lair:6   | Entered Level 6 of the Lair of Beasts
 25643 | Lair:6   | Found a bloodstained altar of Trog.
 25939 | Lair:6   | Found a runed translucent door.
 25991 | Lair:6   | Acquired the ring of the Cockroach {rC++ MP+9 Int+5}
 27562 | Lair:6   | Learned a level 6 spell: Starburst
 28060 | D:12     | Found Zin's Purification Station.
 28077 | D:12     | Reached skill level 13 in Conjurations
 28214 | D:12     | Found a frozen archway.
 28223 | IceCv    | Entered an ice cave
 28239 | IceCv    | Offered knowledge of Eringya's Noxious Bog by Vehumet.
 28384 | IceCv    | Identified the +5 dire flail of Wyrd {vorpal, rPois Dex+4}
 28754 | IceCv    | Reached XP level 15. HP: 87/96 MP: 10/29
 28933 | IceCv    | Reached skill level 14 in Conjurations
 29332 | IceCv    | Identified the +10 long sword of the Pharaoh's Fist {drain,
                  | Str+5}
 29335 | IceCv    | Identified the +3 quarterstaff of Durable Conscience
                  | {vorpal, rC+}
 29588 | D:12     | Reached skill level 10 in Earth Magic
 29677 | D:12     | Reached skill level 1 in Transmutations
 30078 | D:12     | Found a glowing silver altar of Zin.
 30517 | D:13     | Found an ornate altar of the Wu Jian Council.
 30672 | D:13     | Reached skill level 1 in Fire Magic
 30736 | D:13     | Noticed Kirke
 30747 | D:13     | Killed Kirke
 31678 | D:13     | Offered knowledge of Freezing Cloud by Vehumet.
 31678 | D:13     | Found a gate to the Vaults.
 31756 | D:13     | Identified the +7 morningstar of the Lurker {vorpal, rElec
                  | rC+}
 32209 | Orc:1    | Entered Level 1 of the Orcish Mines
 32404 | Orc:1    | Noticed Josephine
 32407 | Orc:1    | Killed Josephine
 32524 | Orc:1    | Found a transporter.
 32530 | Orc:1    | Found a transporter.
 32841 | Orc:1    | Noticed Erolcha
 32911 | Orc:1    | Killed Erolcha
 33163 | Orc:2    | Entered Level 2 of the Orcish Mines
 33213 | Orc:2    | Reached skill level 5 in Fire Magic
 33560 | Orc:2    | Reached XP level 16. HP: 88/104 MP: 15/30
 33876 | Orc:2    | Found Ackoum's Armour Shop.
 33876 | Orc:2    | Found Ebih's Magic Scroll Boutique.
 33877 | Orc:2    | Found Eroufior's Antique Armour Boutique.
 33924 | Orc:2    | Found Erit's Weapon Shop.
 34771 | Orc:2    | Found a staircase to the Elven Halls.
 35254 | Orc:2    | Reached ****** piety under Vehumet
 35401 | Orc:2    | Bought a scroll of acquirement for 728 gold pieces
 35401 | Orc:2    | Acquired a +1 eveningstar of holy wrath
 35403 | Orc:2    | Bought a scroll of summoning for 133 gold pieces
 35403 | Orc:2    | Bought a scroll of torment for 105 gold pieces
 35403 | Orc:2    | Bought a scroll of amnesia for 49 gold pieces
 35403 | Orc:2    | Bought a scroll of blinking for 105 gold pieces
 35405 | Orc:2    | Bought an embroidered cloak for 292 gold pieces
 35405 | Orc:2    | Bought a pair of runed gloves for 292 gold pieces
 35630 | D:14     | Found a shimmering altar of Xom.
 35664 | D:14     | You are sucked into a shaft and drop 1 floor!
 35664 | D:15     | Entered Level 15 of the Dungeon
 36917 | D:15     | Offered knowledge of Conjure Ball Lightning by Vehumet.
 37049 | D:14     | Learned a level 5 spell: Irradiate
 37384 | D:15     | Found a staircase to the Depths.
 38185 | Spider:1 | Entered Level 1 of the Spider Nest
 38185 | Spider:1 | Found a runed translucent gate.
 38234 | Spider:1 | Noticed Johiy's ghost (adept MiFi)
 38335 | Spider:1 | Found a runed translucent gate.
 38336 | Spider:1 | Found a runed translucent gate.
 39951 | Spider:1 | Reached XP level 17. HP: 108/108 MP: 34/34
 40370 | Lair:3   | HP: 2/108 [Johiy's ghost (11)]
 40513 | Lair:3   | Killed Johiy's ghost
 40651 | Spider:1 | Reached skill level 15 in Conjurations
 40703 | Spider:1 | Identified the +0 pair of gloves "Kenu" {rCorr}
 41516 | Spider:2 | Offered knowledge of Ozocubu's Refrigeration by Vehumet.
 41694 | Spider:2 | Reached skill level 1 in Ice Magic
 41712 | Spider:2 | Gained mutation: Your muscles are strong. (Str +2)
                  | [mutagenic glow]
 43377 | Spider:3 | HP: 5/108 [emperor scorpion (3)]
 43983 | Spider:3 | Offered knowledge of Ignition by Vehumet.
 44121 | Spider:2 | Learned a level 8 spell: Ignition
 44516 | Spider:4 | Entered Level 4 of the Spider Nest
 44837 | Spider:4 | Gained mutation: You sometimes lose the ability to read
                  | scrolls when taking damage. [mutagenic glow]
 46301 | Spider:4 | Reached skill level 10 in Fire Magic
 46889 | Spider:4 | Reached XP level 18. HP: 114/114 MP: 27/36
 47737 | Spider:4 | Got a gossamer rune of Zot
 47959 | Shoals:1 | Entered Level 1 of the Shoals
 47970 | Shoals:1 | Found a sacrificial altar of Ru.
 48070 | Shoals:1 | Offered knowledge of Lehudib's Crystal Spear by Vehumet.
 48070 | Shoals:1 | Offered knowledge of Shatter by Vehumet.
 48070 | Shoals:1 | Offered knowledge of Tornado by Vehumet.
 48363 | Shoals:1 | Noticed Louise
 48372 | Shoals:1 | Killed Louise
 48719 | Shoals:1 | Found a sparkling altar of Nemelex Xobeh.
 49927 | Shoals:2 | Noticed Roxanne
 50054 | Shoals:2 | Found a runed translucent gate.
 50054 | Shoals:2 | Found a runed translucent gate.
 50054 | Shoals:2 | Found a runed translucent gate.
 50054 | Shoals:2 | Noticed Doifril's ghost (journeyman MiBe)
 52254 | Shoals:4 | Entered Level 4 of the Shoals
 52788 | Shoals:4 | HP: 3/114 [merfolk javelineer/silver javelin (4)]
 52789 | Shoals:4 | HP: 1/114 [manticore (4)]
 52789 | Shoals:4 | Hit by a silver javelin thrown by a merfolk javelineer

Illustrated notes

Levels and vault maps discovered:
D:1:      onia_arrival_handbag, layout_loops_ring, minmay_hexomino_f4
D:2:      layout_rooms, serial_bayou, serial_bayou_shore_b, serial_bayou_ford_a,
          serial_bayou_shore_b, serial_bayou_lagoon_a,
          hellmonk_ecumenical_altar_pennies_from_heaven, basic_altar,
          minmay_circled_x
D:3:      layout_loops_ring, nicolae_overflow_crystal_walls, serial_bayou,
          serial_bayou_lagoon_b, serial_bayou_shore_b, serial_bayou_pond_a,
          serial_bayou_pond_d, uniq_jessica
D:4:      layout_loops_ring, sigmund_edmund_badplayer, uniq_sigmund
D:5:      layout_layer_cave, fiery_altar_vehumet, minmay_temple_entry_large_hall
D:6:      layout_cave_pools, lemuel_zombie_altar_kikubaaqudgha,
          grunt_temple_overflow_open, nicolae_qazlal_style_of_elements,
          serial_rivers, chequers_serial_rivers_room_b,
          chequers_serial_rivers_room_b, chequers_serial_rivers_room_a,
          chequers_serial_rivers_marsh, chequers_serial_rivers_micro_e,
          chequers_serial_rivers_small_a, gup_sewer_entry_bowl
D:7:      layout_loops_ring
D:8:      layout_loops_ring, nicolae_overflow_hidden_temple,
          grunt_lair_entry_orc_guard_hut, nicolae_ossuary_entry_false_entrances,
          kennysheep_small_spiral, uniq_pikel, uniq_psyche
D:9:      layout_stronghold
D:10:     layout_roguey, erik_orc_1, chequers_big_river, minmay_quadrilaterals
D:11:     layout_rooms, serial_shops, shop, gammafunk_ghost_mausoleum,
          minmay_misc_feat_roman, uniq_erica
D:12:     layout_loops_ring, portal_ice_cave_entry_pillars_1, zin_purify
D:13:     layout_roguey [special_room_orc], grunt_vaults_entry_tiered,
          amcnicky_mini_rare_corridor_liquid, nicolae_wu_jian_wuxing_cycle,
          uniq_kirke
D:14:     layout_rooms, xom_teletrap_fun
D:15:     grunt_enter_depths_snipers, layout_basic, corexii_leaking_fountain,
          chequers_garden
Temple:   jpeg_temple_alley_garden
Lair:1:   layout_small_grid, basic_altar, minmay_shattered_shrine
Lair:2:   layout_gridlike, minmay_shoals_entry_lonely_mermaid,
          ebering_ghost_rock_garden, st_stairs_12
Lair:3:   layout_chaotic_city, nicolae_spider_entry_non_spiders
Lair:4:   layout_concentric_octagons, ebering_ghost_xom, serial_bayou_shore_a,
          grunt_megastairs_1, lemuel_fruit_fields, uniq_urug
Lair:5:   layout_regular_city, slime_altar_1, st_stairs_12
Lair:6:   guppyfry_lair_end_dragon, layout_cave_pods, wormcave, basic_altar,
          small_statue_intersection, serial_bayou_shore_b, grunt_megastairs_3
Shoals:1: layout_shoals, hangedman_feature_mirror, nzn_prometheus_bound,
          uniq_louise
Shoals:2: layout_shoals, ebering_ghost_rock_garden, uniq_roxanne
Shoals:3: layout_shoals, nicolae_shoals_undead_eyrie
Shoals:4: shoals_end_simple, layout_shoals, serial_shops, shop_fountains,
          shop_fountains, shop, shop, shop_statue, abandoned_shop,
          nicolae_shoals_this_corrosion
Spider:1: layout_chambers, gammafunk_ghost_tricky_traps
Spider:2: layout_spider_delve, drop_trap
Spider:3: layout_spider_delve
Spider:4: spider_rune_water
Orc:1:    gammafunk_beogh_shrine, layout_diamond_mine, uniq_josephine,
          uniq_erolcha
Orc:2:    st_orc_mages, layout_diamond_mine, mines5_lemuel

Skill      XL: |  1  2  3  4  5  6  7  8  9 10 11 12 13 14 15 16 17 18 |
---------------+-------------------------------------------------------+-----
Fighting       | 2 3 5 8 9 12 13 | 13.0
Earth Magic    | 4 6 7 8 10 11 | 11.9
Armour         | 1 2 4 7 8 |  8.0
Shields        | 1 2 4 |  4.0
Conjurations   | 1 4 6 8 9 12 13 14 15 | 15.3
Spellcasting   | 4 8 10 13 14 | 14.2
Maces & Flails | 3 9 10 | 10.0
Dodging        | 3 8 |  8.0
Transmutations | 4 |  4.0
Fire Magic     | 6 8 10 12 | 12.9
Ice Magic      | 4 |  4.0
Stealth        | |  2.1

Action                   |  1- 3 |  4- 6 |  7- 9 | 10-12 | 13-15 | 16-18 || total
-------------------------+-------+-------+-------+-------+-------+-------++-------
Melee: Dagger            |    27 |       |       |       |       |       ||    27
       Whip              |    29 |   117 |   177 |    69 |       |       ||   392
       Morningstar       |       |       |       |   151 |   312 |   202 ||   665
 Cast: Sandblast         |    31 |    26 |    94 |    44 |       |       ||   195
       Stone Arrow       |       |       |    15 |   170 |   384 |   354 ||   923
       Passwall          |       |       |     2 |       |       |       ||     2
       Searing Ray       |       |       |       |    19 |       |       ||    19
       Lee's Rapid Decon |       |       |       |    19 |    79 |    91 ||   189
       Iskenderun's Batt |       |       |       |     6 |    48 |    37 ||    91
       Fulminant Prism   |       |       |       |     5 |    12 |       ||    17
       Fireball          |       |       |       |       |    22 |    94 ||   116
       Starburst         |       |       |       |       |    42 |    52 ||    94
       Iron Shot         |       |       |       |       |    13 |   134 ||   147
       Irradiate         |       |       |       |       |       |    70 ||    70
Evoke: Wand              |       |       |       |       |     2 |    47 ||    49
       Lightning rod     |       |       |       |       |       |     2 ||     2
       Phial of floods   |       |       |       |       |       |     1 ||     1
  Use: Scroll            |     3 |     2 |    12 |    15 |     7 |    15 ||    54
       Potion            |       |     1 |     1 |     2 |     3 |    17 ||    24
 Stab: Sleeping          |     3 |       |       |     2 |       |       ||     5
       Petrifying        |       |       |       |       |     1 |       ||     1
Armor: Robe              |    17 |       |       |       |       |       ||    17
       Leather armour    |     9 |     7 |       |       |       |       ||    16
       Ring mail         |       |    56 |   140 |    52 |       |       ||   248
       Steam dragon scal |       |       |       |   171 |   277 |   712 ||  1160
       Skin              |       |       |       |    30 |       |       ||    30
Dodge: Dodged            |    37 |    90 |   106 |   197 |   301 |   410 ||  1141
Block: Buckler           |       |    14 |    72 |   115 |   155 |   294 ||   650
       Reflection        |       |       |       |       |       |     8 ||     8

Table legend: (Time is in decaauts)
 A = Elapsed time spent in this place.
 B = Non-inter-level travel time spent in this place.
 C = Inter-level travel time spent in this place.
 D = Time resting spent in this place.
 E = Time spent auto-exploring this place.
 F = Levels seen in this place.
 G = Mean time per level.
                   A        B        C        D        E       F      G
               +--------+--------+--------+--------+--------+-----+--------+
         Total |  52923 |  50613 |   2310 |  18230 |  23767 |  35 | 1512.1 |
       Dungeon |  22068 |  20886 |   1182 |   7008 |  10209 |  15 | 1471.2 |
        Temple |    228 |    175 |     53 |      0 |    174 |   1 |  228.0 |
          Lair |  11351 |  10951 |    400 |   2963 |   6357 |   6 | 1891.8 |
        Shoals |   4832 |   4702 |    130 |   2202 |   1913 |   4 | 1208.0 |
   Spider Nest |   9289 |   8876 |    413 |   3689 |   3476 |   4 | 2322.2 |
  Orcish Mines |   3113 |   2983 |    130 |   1348 |   1103 |   2 | 1556.5 |
         Sewer |    197 |    197 |      0 |     66 |     88 |   1 |  197.0 |
       Ossuary |    704 |    704 |      0 |    343 |    128 |   1 |  704.0 |
      Ice Cave |   1137 |   1137 |      0 |    610 |    316 |   1 | 1137.0 |
               +--------+--------+--------+--------+--------+-----+--------+

Top non-repeatable levels by time:
Spider:1: 3455 daAuts
    D:10: 2711 daAuts
Spider:4: 2705 daAuts
  Lair:6: 2658 daAuts
     D:8: 2115 daAuts
  Lair:2: 2011 daAuts
  Lair:1: 1961 daAuts
  Lair:4: 1803 daAuts
    D:13: 1761 daAuts
   Orc:2: 1761 daAuts
Spider:3: 1750 daAuts
     D:4: 1744 daAuts
     D:5: 1727 daAuts
     D:9: 1631 daAuts
Shoals:2: 1550 daAuts
